 Dungeon Crawl Stone Soup version 0.27-a0-1200-g94dc6ad4cf (webtiles) character file.

Game seed: 3662649570503349578

1143 Ijustatesigmund the Chopper (level 8, -3/64 HPs)
             Began as a Demonspawn Fighter on June 1, 2021.
             Killed by vampiric draining
             ... invoked by a vampire
              (20 damage)
             ... on level 6 of the Dungeon.
             The game lasted 00:11:34 (5456 turns).

Ijustatesigmund the Chopper (Demonspawn Fighter)    Turns: 5456, Time: 00:11:35

Health: -3/64      AC: 15    Str: 23    XL:     8   Next: 15%
Magic:  8/8        EV:  8    Int:  9    God:
Gold:   2559       SH: 10    Dex: 17    Spells: 7/7 levels left

rFire    . . .     SeeInvis +   a - +1 war axe
rCold    . . .     Faith    .   c - +0 kite shield
rNeg     . . .     Spirit   .   b - +3 ring mail
rPois    .         Reflect  .   (helmet restricted)
rElec    .         Harm     .   e - +0 cloak
rCorr    .         Rampage  .   (no gloves)
Will     .....                  f - +2 pair of boots
Stlth    ++........             (no amulet)
HPRegen  0.20/turn              i - +6 ring of strength
MPRegen  0.11/turn              o - ring of see invisible

@: no status effects
A: talons 2, thin metallic scales 1, demonic guardian 1, powered by pain 2,
horns 1, thin skeletal structure 1
a: no special abilities


You were on level 6 of the Dungeon.
You visited 1 branch of the dungeon, and saw 6 of its levels.
You also visited: Sewer.

You collected 2559 gold pieces.

Inventory:

Hand Weapons
 a - a +1 war axe (weapon)
Armour
 b - a +3 ring mail (worn)
 c - a +0 kite shield (worn)
 e - a +0 cloak (worn)
 f - a +2 pair of boots (worn)
Jewellery
 i - a +6 ring of strength (left hand)
 o - a ring of see invisible (right hand)
Wands
 j - a wand of polymorph (19)
Scrolls
 m - 3 scrolls of teleportation
 n - a scroll of fog {unknown}
Potions
 d - 2 potions of curing
 g - a potion of heal wounds
 h - a potion of resistance {unknown}
 k - 3 potions of flight {unknown}
 l - 2 potions of invisibility {unknown}


   Skills:
 + Level 6.3 Fighting
 + Level 6.4 Axes
 + Level 4.5 Armour
 - Level 2.6 Shields


You had 7 spell levels left.
You didn't know any spells.
Your spell library was empty.

Dungeon Overview and Level Annotations

Branches:
Dungeon (6/15)             Temple (0/1) D:5           Sewer (visited)

Altars:
Gozag
Nemelex Xobeh
Sif Muna
Zin


Innate Abilities, Weirdness & Mutations

You have razor-sharp toenails.
You are partially covered in thin metallic scales. (AC +2)
A weak demonic guardian rushes to your aid.
You sometimes gain power by taking damage.
You have a pair of small horns on your head.
You have a somewhat thin skeletal structure. (Dex +2, Stealth+)


Message History

The vampire bites you.
The vampire draws strength from your injuries!
You slash the vampire!
The vampire is heavily damaged.
The vampire draws life force from you!
The vampire is healed by the life force!
You are too injured to fight recklessly!
You are too injured to fight recklessly!
You are too injured to fight recklessly!
You are too injured to fight recklessly!
You are too injured to fight recklessly!
You are too injured to fight recklessly!
You are too injured to fight recklessly!
You are too injured to fight recklessly!
You are too injured to fight recklessly!
You are too injured to fight recklessly!
You are too injured to fight recklessly!
You are too injured to fight recklessly!
You are too injured to fight recklessly!
You are too injured to fight recklessly!
You are too injured to fight recklessly!
You closely miss the vampire.
The vampire is moderately damaged.
The vampire hits you but does no damage.
You block the vampire's attack.
You hit the vampire but do no damage.
The vampire is moderately damaged.
The vampire hits you but does no damage.
The vampire bites you but does no damage.
The vampire closely misses you. The vampire bites you!
The vampire draws strength from your injuries!
You closely miss the vampire.
The vampire is moderately damaged.
The vampire barely misses you. The vampire bites you.
* * * LOW HITPOINT WARNING * * *
The vampire draws strength from your injuries!
You slash the vampire!
The vampire is heavily damaged.
The vampire draws life force from you!!
You die...

.....# ########.
.....####.............
......................
.###...##.#####......
....................
####...)...####...#
###########
##...........##...#
#(.........
...............5)V#
##.###.###.#
##...#..........@)# #..##..#
#.. ##...#..#..####...#
##.###.## ##.
##......#..####..## #..##..#
#.
).................###.###.##
##
###..##.#.###....(##..##..#
# #..##...# #.#.#.##.###.##
# #..##...# #.#.#.#..##..#
#..##...# #.#...#.###.##
#.......###.###...##..#


You could see a vampire (invisible) and a friendly white imp (summoned).

Vanquished Creatures
  Eustachio (D:4)
  A necrophage (D:6)
  A sky beast (D:5)
  An ogre (D:6)
  A wyvern zombie (D:6)
  A scorpion (D:5)
  A water moccasin zombie (D:5)
  A howler monkey (D:4)
  2 hounds
  A jelly (D:4)
  A gnoll shaman (D:6)
  2 orc priests (D:6)
  Crazy Yiuf (D:3)
  2 bullfrog skeletons (D:5)
  Ijyb (D:5)
  2 hound zombies (D:5)
  2 hound skeletons (D:4)
  A howler monkey zombie (D:5)
  3 adders
  4 gnolls (D:6)
  A howler monkey skeleton (D:5)
  An ufetubus (D:5)
  An adder zombie (D:5)
  2 dart slugs (D:4)
  6 orcs
  8 ball pythons
  10 bats
  5 endoplasms
  6 giant cockroaches
  15 goblins
  7 hobgoblins
  12 jackals
  2 kobolds
  8 quokkas
  5 frilled lizards
  2 rats (D:1)
121 creatures vanquished.

Notes
Turn   | Place    | Note
-------+----------+-------------------------------------------
     0 | D:1      | Ijustatesigmund the Demonspawn Fighter began the quest for
                  | the Orb.
     0 | D:1      | Reached XP level 1. HP: 18/18 MP: 1/1
   296 | D:1      | Gained mutation: You have sharp toenails. [demonic
                  | ancestry]
   296 | D:1      | Reached XP level 2. HP: 23/24 MP: 2/2
   610 | D:1      | Identified a scroll of acquirement
   610 | D:1      | Acquired 1143 gold pieces
  1213 | D:2      | You fall into a shaft and drop 1 floor!
  1594 | D:3      | Found a runed translucent door.
  1595 | D:3      | Noticed Crazy Yiuf
  1601 | D:3      | Killed Crazy Yiuf
  1602 | D:3      | Gained mutation: You sometimes gain a little power by
                  | taking damage. [demonic ancestry]
  1602 | D:3      | Reached XP level 3. HP: 15/29 MP: 3/3
  1848 | D:3      | Found an opulent altar of Gozag.
  2022 | D:3      | Gained mutation: You have razor-sharp toenails. [demonic
                  | ancestry]
  2022 | D:3      | Reached XP level 4. HP: 37/37 MP: 4/4
  2417 | D:3      | Found a sparkling altar of Nemelex Xobeh.
  2766 | D:4      | Gained mutation: You sometimes gain power by taking damage.
                  | [demonic ancestry]
  2766 | D:4      | Reached XP level 5. HP: 42/42 MP: 5/5
  3054 | D:4      | Noticed Eustachio
  3071 | D:4      | Gained mutation: You have a pair of small horns on your
                  | head. [potion of mutation]
  3071 | D:4      | Gained mutation: You have a somewhat thin skeletal
                  | structure. (Dex +2, Stealth+) [potion of mutation]
  3071 | D:4      | HP: 2/43 [ufetubus[Eustachio] (1)]
  3072 | D:4      | Killed Eustachio
  3073 | D:4      | Reached skill level 5 in Axes
  3073 | D:4      | Reached XP level 6. HP: 2/49 MP: 6/6
  3683 | D:5      | Entered Level 5 of the Dungeon
  3992 | D:5      | Reached skill level 5 in Fighting
  4037 | D:5      | Found a staircase to the Ecumenical Temple.
  4098 | D:5      | Gained mutation: You are partially covered in thin metallic
                  | scales. (AC +2) [demonic ancestry]
  4098 | D:5      | Reached XP level 7. HP: 55/56 MP: 7/7
  4202 | D:5      | Found a shimmering blue altar of Sif Muna.
  4239 | D:5      | Found a glowing drain.
  4243 | Sewer    | Entered a sewer
  4554 | D:5      | Noticed Ijyb
  4562 | D:5      | Killed Ijyb
  4584 | D:5      | Acquired 1133 gold pieces
  5306 | D:6      | Gained mutation: A weak demonic guardian rushes to your
                  | aid. [demonic ancestry]
  5306 | D:6      | Reached XP level 8. HP: 57/64 MP: 8/8
  5456 | D:6      | Killed from afar by a vampire

Illustrated notes

Levels and vault maps discovered:
D:1:      minmay_arrival_stair_chambers, layout_basic, serial_co_window_serial,
          co_window_paths_b, co_window_corner_a, co_window_paths_b,
          co_window_paths_a, co_window_of_opportunity_a,
          co_window_of_opportunity_b, co_window_unsneaky_path_c,
          co_window_broadway_a, co_window_broadway_c,
          co_window_of_opportunity_b, co_window_4corner_a, co_window_4corner_b,
          glass_columns_a, glass_columns_a, glass_columns_b, glass_columns_a
D:2:      layout_basic, ebering_ecumenical_altar_mist,
          chequers_serial_rivers_micro_b
D:3:      layout_loops_corners, grunt_temple_overflow_gold_and_silver,
          nemelex_diamond_rough_becter, uniq_crazy_yiuf_cottage
D:4:      cheibrodos_greedy_goblins, layout_basic, kennysheep_generic_room_13,
          uniq_eustachio
D:5:      layout_loops_cross, kennysheep_mini,
          minmay_temple_entry_enclosed_plants, gup_sewer_entry_bowl,
          item_on_display_a, uniq_ijyb
D:6:      minmay_klotski, layout_basic, serial_park_tiny_pond,
          nicolae_benzene_ring

Skill      XL: |  1  2  3  4  5  6  7 |
---------------+----------------------+-----
Axes           | 2 3 4 5 6 |  6.4
Fighting       | 4 5 6 |  6.3
Armour         | 3 4 |  4.5
Shields        | |  2.6

Action                   |  1- 3 |  4- 6 |  7- 9 || total
-------------------------+-------+-------+-------++-------
Melee: War axe           |    96 |   120 |   117 ||   333
       Headbutt          |       |    11 |    22 ||    33
  Use: Scroll            |     3 |     2 |     4 ||     9
       Potion            |       |     5 |       ||     5
 Stab: Sleeping          |       |       |     2 ||     2
Armor: Scale mail        |    74 |   121 |    47 ||   242
       Ring mail         |       |       |    16 ||    16
Dodge: Dodged            |    26 |    65 |    52 ||   143
Block: Kite shield       |    55 |   102 |    55 ||   212

Table legend: (Time is in decaauts)
 A = Elapsed time spent in this place.
 B = Non-inter-level travel time spent in this place.
 C = Inter-level travel time spent in this place.
 D = Time resting spent in this place.
 E = Time spent auto-exploring this place.
 F = Levels seen in this place.
 G = Mean time per level.
                   A        B        C        D        E       F      G
               +--------+--------+--------+--------+--------+-----+--------+
         Total |   5721 |   5574 |    147 |    724 |   3726 |   7 |  817.3 |
       Dungeon |   5348 |   5201 |    147 |    724 |   3659 |   6 |  891.3 |
         Sewer |    372 |    372 |      0 |      0 |     67 |   1 |  372.0 |
               +--------+--------+--------+--------+--------+-----+--------+

Top non-repeatable levels by time:
     D:3: 1744 daAuts
     D:1: 1214 daAuts
     D:5: 1001 daAuts
     D:4: 796 daAuts
     D:6: 559 daAuts
   Sewer: 372 daAuts
     D:2: 32 daAuts
